 Dungeon Crawl Stone Soup version 0.19.1 (webtiles) character file.

24679 Rrauwl the Grappler (level 12, -3/72 HPs)
             Began as a Demonspawn Fighter on Nov 29, 2016.
             Was a High Priest of Hepliaklqana.
             Shot with an arrow by a centaur warrior (16 damage)
             ... on level 13 of the Dungeon.
             The game lasted 02:10:27 (17017 turns).

Rrauwl the Grappler (Demonspawn Fighter)           Turns: 17017, Time: 02:10:27

Health: -3/72      AC: 19    Str: 24    XL:     12   Next: 82%
Magic:  19/19      EV:  8    Int: 15    God:    Hepliaklqana [*****.]
Gold:   882        SH: 12    Dex: 12    Spells: 1 memorised, 20 levels left

rFire  . . .     SeeInvis .       - Unarmed
rCold  + + .     Gourm    .     E - +0 plate armour {rN+}
rNeg   + . .     Faith    .     h - +2 shield {AC+3}
rPois  .         Spirit   .     (no helmet)
rElec  .         Reflect  .     G - +0 cloak
rCorr  .         Harm     .     (no gloves)
MR     .....     Rnd*Rage +     (boots unavailable)
Stlth  ..........               (no amulet)
                                H - ring of ice
                                y - +5 ring of strength

@: no status effects
A: reduced essence, talons 3, yellow scales 1, berserk 1, clever 1, cold
resistance 1, fire resistance 1, powered by death 1, flame cloud immunity
a: Recall Ancestor, Ancestor Identity, Transference, Idealise, Renounce Religion


You were on level 13 of the Dungeon.
You worshipped Hepliaklqana.
Hepliaklqana was extremely pleased with you.
You were not hungry.

You visited 3 branches of the dungeon, and saw 16 of its levels.

You collected 882 gold pieces.

Inventory:

Hand Weapons
 d - a +1 shortbow of flaming
Missiles
 f - 60 arrows
Armour
 h - a +2 shield of protection (worn)
 E - a +0 plate armour of positive energy (worn)
 G - a +0 cloak (worn)
Jewellery
 k - an uncursed ring of fire
 y - a +5 ring of strength (left hand)
 H - a ring of ice (right hand)
Wands
 b - a wand of iceblast (6/15)
 K - a wand of teleportation (3/9)
Scrolls
 c - 6 scrolls of remove curse
 j - a scroll of amnesia
 n - 5 scrolls of identify
Potions
 a - 2 potions of flight
 e - 2 potions of brilliance
Miscellaneous
 A - a phial of floods
Comestibles
 g - 7 chunks of flesh
 i - a meat ration
 z - 12 fruits


   Skills:
 - Level 3.0 Fighting
 + Level 7.2 Armour
 - Level 7.2 Dodging
 + Level 5.9 Shields
 + Level 13.6 Unarmed Combat
 - Level 5.0 Spellcasting
 - Level 5.0 Ice Magic
 - Level 8.1 Invocations


You had 20 spell levels left.
You knew the following spells:

 Your Spells              Type           Power        Failure   Level  Hunger
a - Freeze                Ice            ####         88%         1    None


Dungeon Overview and Level Annotations

Branches:
Dungeon (13/15)            Temple (0/1) D:5            Lair (1/6) D:11
    Orc (2/2) D:9
    Elf: Orc:2       Vaults: D:13-14

Altars:
Elyvilon
Fedhas
Gozag
Hepliaklqana
Kikubaaqudgha
Nemelex Xobeh
Okawaru
Qazlal
Uskayaw
Vehumet
Yredelemnul
The Shining One

Shops:
D:4 (

Annotations:
D:11 Rrauwl's ghost, journeyman MiBe


Innate Abilities, Weirdness & Mutations

You have claws for feet.
You are partially covered in yellow scales. (AC +2)
Your flesh is heat resistant. (rF+)
You regenerate a little health from kills.
You are immune to clouds of flame.
Your life essence is reduced. (-10% HP)
You tend to lose your temper in combat.
Your mind is acute. (Int +2)
Your flesh is cold resistant. (rC+)


Message History

The centaur warrior shoots an arrow.
The arrow hits you.
* * * LOW HITPOINT WARNING * * *
The arrow burns you.
* * * LOW HITPOINT WARNING * * *
Bo hits the centaur with a flail!
The centaur warrior shoots an arrow.
You block the arrow.
You see here 2 arrows.
Something hits Bo but does no damage.
Bo blocks the arrow.
The centaur shoots an arrow.
You block the arrow.
You see here an arrow.
Found a scroll of recharging.
You start resting.
Bo has departed this plane of existence.
The centaur wields a shortbow.
The centaur shoots an arrow.
The arrow hits you but does no damage.
You hear a shout!
The centaur shoots an arrow.
You block the arrow.
The centaur warrior wields a shortbow of flaming.
It bursts into flame!
The centaur warrior shoots an arrow.
The arrow hits you!
You die...

................
.......?.........
.................
.................
.................
......$........≈≈≈
...............≈≈≈.
........@(.....≈≈≈.
........###........
........c.# #........
..........c###........
...../..$.c(..........
#.........(.((.)......
#...........((.......
#............((c....
#.......(...R.(....


You could see a centaur warrior and 2 centaurs.

Vanquished Creatures
  A hydra (Lair:1)
  A centaur warrior (D:13)
  Erica (D:8)
  The ghost of Rugargulya the Carver, a journeyman GrFi of Hepliaklqana (D:10)
  Urug (Orc:1)
  Pikel (D:4)
  A hill giant (D:11)
  An orc knight (Orc:1)
  A cyclops (D:12)
  2 manticores
  Psyche (D:8)
  A rime drake (Lair:1)
  2 komodo dragons
  2 trolls
  2 hornets
  3 hippogriffs
  The ghost of syranez the Insei, an amateur OpTm (D:5)
  A vampire (D:11)
  Sigmund (D:4)
  A shadow (D:11)
  A wraith (D:12)
  A wyvern (D:9)
  15 yaks
  Menkaure (D:6)
  Edmund (D:6)
  A soldier ant (D:8)
  3 wargs
  A water moccasin (Lair:1)
  A porcupine (Lair:1)
  2 ice beasts (D:5)
  2 sky beasts
  An ogre (Orc:1)
  10 orc warriors
  A phantom (D:4)
  A crocodile (Lair:1)
  5 centaurs
  The ghost of syranez the Insei, an amateur OpTm (D:3)
  9 bullfrogs
  2 wyvern zombies
  A wyvern skeleton (D:6)
  3 scorpions
  6 killer bees
  2 howler monkeys (D:7)
  A crimson imp (D:7)
  2 jellies
  A quasit (D:10)
  9 orc priests
  Crazy Yiuf (D:6)
  A bullfrog skeleton (D:9)
  3 hounds
  15 orc wizards
  Terence (D:3)
  Jessica (D:3)
  Ijyb (D:3)
  An iguana (D:8)
  Natasha (D:4)
  7 worker ants
  A killer bee zombie (D:6)
  A hound skeleton (D:8)
  3 worker ant zombies
  4 gnolls
  10 adders
  A howler monkey skeleton (D:10)
  A river rat (D:11)
  A shadow imp (D:7)
  2 oozes
  2 worms (D:2)
  A dart slug (D:3)
  5 leopard geckos
  50 orcs
  6 giant cockroaches
  8 goblins
  6 hobgoblins
  16 jackals
  2 quokkas
  6 bats
  7 frilled lizards
  17 kobolds
  9 rats
301 creatures vanquished.

Vanquished Creatures (collateral kills)
  A hydra (D:12)
  3 unseen horrors
  A hill giant (D:11)
  An orc knight (Orc:1)
  A centaur zombie (D:13)
  The ghost of grok76 the Sneak, a novice DEWz (D:9)
  2 trolls
  2 two-headed ogres
  A hornet (D:13)
  2 hippogriffs
  5 yaks
  A hungry ghost (D:7)
  A steam dragon (D:11)
  A warg (D:9)
  A water moccasin (Lair:1)
  A sky beast (D:10)
  3 orc warriors
  An eye of draining (D:10)
  A centaur (D:13)
  5 ogres
  A big kobold (D:9)
  A scorpion (D:7)
  A water moccasin skeleton (D:7)
  2 killer bees
  A howler monkey (D:7)
  A crimson imp (D:9)
  A centaur skeleton (D:10)
  A jelly (D:9)
  2 hounds
  2 bullfrog skeletons (D:8)
  6 worker ants
  An iguana (D:8)
  Natasha (D:4)
  An orc wizard (D:11)
  An adder (D:9)
  3 gnolls
  An adder skeleton (D:5)
  A leopard gecko (D:6)
  18 orcs
  A giant cockroach (D:6)
  3 quokkas
  2 plants (D:11)
87 creatures vanquished.

Vanquished Creatures (others)
  A slave (D:4)
  A howler monkey (D:4)
  A centaur skeleton (D:4)
  Natasha (D:4)
  A worker ant (D:4)
  9 knights
  2 orcs
  9 plants (D:11)
25 creatures vanquished.

Grand Total: 413 creatures vanquished

Notes
Turn   | Place    | Note
-------+----------+-------------------------------------------
     0 | D:1      | Rrauwl the Demonspawn Fighter began the quest for the Orb.
     0 | D:1      | Reached XP level 1. HP: 18/18 MP: 1/1
   158 | D:1      | Gained mutation: Your flesh is heat resistant. (rF+) [demonic ancestry]
   158 | D:1      | Reached XP level 2. HP: 7/24 MP: 2/2
   307 | D:1      | Reached skill level 2 in Unarmed Combat
   791 | D:2      | Gained mutation: You regenerate a little health from kills. [demonic ancestry]
   791 | D:2      | Reached XP level 3. HP: 26/29 MP: 3/3
  1733 | D:3      | Reached XP level 4. HP: 35/35 MP: 4/4
  1887 | D:3      | Noticed Ijyb
  1957 | D:3      | Killed Ijyb
  1957 | D:3      | Reached skill level 1 in Dodging
  1957 | D:3      | Reached skill level 3 in Unarmed Combat
  2184 | D:3      | Noticed syranez's ghost (amateur OpTm)
  2208 | D:3      | Killed syranez's ghost
  2208 | D:3      | Gained mutation: You have sharp toenails. [demonic ancestry]
  2208 | D:3      | Reached XP level 5. HP: 23/41 MP: 5/5
  2330 | D:3      | Noticed Terence
  2352 | D:3      | Killed Terence
  2352 | D:3      | Reached skill level 4 in Unarmed Combat
  2511 | D:3      | Noticed Jessica
  2514 | D:3      | Killed Jessica
  2542 | D:3      | Gained mutation: You have razor-sharp toenails. [demonic ancestry]
  2542 | D:3      | Reached XP level 6. HP: 45/47 MP: 6/6
  3146 | D:4      | Noticed Natasha
  3155 | D:4      | Killed Natasha
  3184 | D:4      | Noticed a slave
  3206 | D:4      | Noticed Pikel
  3206 | D:4      | Noticed a slave
  3206 | D:4      | Noticed a slave
  3206 | D:4      | Noticed a slave
  3238 | D:4      | Killed Pikel
  3238 | D:4      | Reached skill level 7 in Unarmed Combat
  3238 | D:4      | Gained mutation: You are partially covered in yellow scales. (AC +2) [demonic ancestry]
  3238 | D:4      | Reached XP level 7. HP: 26/52 MP: 7/7
  3287 | D:4      | Killed Natasha
  3530 | D:4      | Noticed Sigmund
  3557 | D:4      | Killed Sigmund
  3557 | D:4      | Gained mutation: You are immune to clouds of flame. [demonic ancestry]
  3557 | D:4      | Reached XP level 8. HP: 50/58 MP: 8/8
  3593 | D:4      | Found a hazy altar of Hepliaklqana.
  3594 | D:4      | Found a sparkling altar of Nemelex Xobeh.
  3594 | D:4      | Found a glowing golden altar of the Shining One.
  3595 | D:4      | Found a stormy altar of Qazlal.
  3606 | D:4      | Became a worshipper of Hepliaklqana the Forgotten
  3655 | D:4      | Found Lotev's Antique Weapon Shop.
  3799 | D:4      | Reached skill level 8 in Unarmed Combat
  3849 | D:4      | Noticed Natasha
  3851 | D:4      | Killed Natasha
  4371 | D:5      | Entered Level 5 of the Dungeon
  4371 | D:5      | Found a staircase to the Ecumenical Temple.
  4448 | D:5      | Reached skill level 9 in Unarmed Combat
  4519 | D:5      | Reached * piety under Hepliaklqana
  4548 | D:5      | Noticed syranez's ghost (amateur OpTm)
  4568 | D:5      | Killed syranez's ghost
  4807 | D:5      | Reached skill level 10 in Unarmed Combat
  5033 | D:5      | Found a basalt altar of Yredelemnul.
  5175 | D:5      | Found a white marble altar of Elyvilon.
  5392 | D:6      | Noticed Edmund
  5407 | D:6      | Killed Edmund
  5407 | D:6      | Reached skill level 1 in Invocations
  5407 | D:6      | Gained mutation: You have claws for feet. [demonic ancestry]
  5407 | D:6      | Reached XP level 9. HP: 55/56 MP: 8/10
  5636 | D:6      | Learned a level 1 spell: Freeze
  5749 | D:6      | Found a radiant altar of Vehumet.
  5820 | D:6      | Reached ** piety under Hepliaklqana
  5821 | D:6      | Remembered your ancestor Bo as a knight
  5836 | D:6      | Reached skill level 1 in Spellcasting
  5852 | D:6      | Found a runed door.
  5856 | D:6      | Noticed Crazy Yiuf
  5910 | D:6      | Killed Crazy Yiuf
  5960 | D:6      | Reached skill level 1 in Ice Magic
  5969 | D:6      | Noticed Menkaure
  5980 | D:6      | Killed Menkaure
  6845 | D:7      | Reached skill level 5 in Invocations
  7295 | D:8      | Reached XP level 10. HP: 10/63 MP: 14/14
  7774 | D:8      | Reached *** piety under Hepliaklqana
  7792 | D:8      | Found an iron altar of Okawaru.
  7916 | D:8      | Found a blossoming altar of Fedhas.
  7920 | D:8      | Found an ancient bone altar of Kikubaaqudgha.
  7965 | D:8      | Noticed Psyche
  7977 | D:8      | Killed Psyche
  7977 | D:8      | Reached skill level 11 in Unarmed Combat
  8242 | D:8      | Noticed Erica
  8255 | D:8      | Killed Erica
  8770 | D:9      | Reached skill level 5 in Armour
  8929 | D:9      | Found an opulent altar of Gozag.
  8949 | D:9      | Found a hide-covered altar of Uskayaw.
  9065 | D:9      | Reached XP level 11. HP: 52/67 MP: 18/18
  9100 | D:9      | Found a staircase to the Orcish Mines.
  9322 | D:9      | Noticed grok76's ghost (novice DEWz)
  9336 | D:9      | Killed grok76's ghost
  9336 | D:9      | Reached skill level 5 in Spellcasting
  9348 | D:9      | Paralysed by a hornet for 3 turns
  9371 | D:9      | Reached skill level 5 in Ice Magic
  9628 | D:10     | Entered Level 10 of the Dungeon
  9628 | D:10     | Noticed Rugargulya's ghost (journeyman GrFi)
  9649 | D:9      | HP: 1/67 [poisoned by Rugargulya's ghost]
 10239 | D:10     | Gained mutation: You tend to lose your temper in combat. [mutagenic meat]
 10240 | D:10     | Gained mutation: Your flesh is cold resistant. (rC+) [mutagenic meat]
 10241 | D:10     | Gained mutation: Your mind is acute. (Int +2) [mutagenic meat]
 10363 | D:10     | Killed an unseen horror
 10850 | D:10     | Reached **** piety under Hepliaklqana
 10996 | D:10     | Killed Rugargulya's ghost
 11647 | D:11     | Reached skill level 5 in Dodging
 11647 | D:11     | Reached skill level 12 in Unarmed Combat
 12122 | D:11     | Killed an unseen horror
 12535 | D:11     | Noticed a hill giant
 12544 | D:11     | Killed a hill giant
 12556 | D:11     | Noticed a hill giant
 12561 | D:11     | Found a staircase to the Lair.
 12566 | D:11     | Killed a hill giant
 12776 | D:11     | Noticed Rrauwl's ghost (journeyman MiBe)
 13204 | Lair:1   | Entered Level 1 of the Lair of Beasts
 13274 | Lair:1   | Noticed an eight-headed hydra
 13418 | Lair:1   | Reached XP level 12. HP: 34/72 MP: 19/19
 13520 | Lair:1   | Noticed a four-headed hydra
 13531 | Lair:1   | Killed a four-headed hydra
 13944 | Orc:1    | Entered Level 1 of the Orcish Mines
 14036 | Orc:1    | Noticed Urug
 14048 | Orc:1    | Killed Urug
 14060 | Orc:1    | Reached skill level 13 in Unarmed Combat
 14324 | Orc:2    | Entered Level 2 of the Orcish Mines
 14943 | Orc:2    | Reached ***** piety under Hepliaklqana
 15334 | Orc:2    | Noticed a stone giant
 15347 | Orc:2    | Noticed an orc high priest
 15995 | D:9      | You fall through a shaft!
 16214 | D:12     | Noticed a catoblepas
 16254 | D:12     | Noticed a four-headed hydra
 16275 | D:12     | Killed a four-headed hydra
 16275 | D:12     | Reached skill level 5 in Shields
 16840 | D:13     | Noticed a centaur warrior
 16866 | D:13     | Noticed a centaur warrior
 16952 | D:13     | Killed a centaur warrior
 17017 | D:13     | Shot with an arrow by a centaur warrior

Skill      XL: |  1  2  3  4  5  6  7  8  9 10 11 12 |
---------------+-------------------------------------+-----
Shields        | 3 5 |  5.9
Unarmed Combat | 2 3 4 7 10 11 12 13 | 13.6
Armour         | 3 4 5 7 |  7.2
Dodging        | 2 3 7 |  7.2
Invocations    | 1 5 7 8 |  8.1
Spellcasting   | 2 4 5 |  5.0
Ice Magic      | 3 4 5 |  5.0
Fighting       | |  3.0

Action                   |  1- 3 |  4- 6 |  7- 9 | 10-12 || total
-------------------------+-------+-------+-------+-------++-------
Melee: Unarmed           |   218 |   242 |   389 |   799 ||  1648
       Kick              |       |    30 |    86 |   298 ||   414
Throw: Throwing net      |       |       |       |     1 ||     1
Invok: Ancestor Identity |       |       |     1 |       ||     1
       Recall Ancestor   |       |       |     1 |    14 ||    15
       Ancestor Life: Kn |       |       |     1 |       ||     1
       Idealise          |       |       |       |     1 ||     1
       Transference      |       |       |       |     1 ||     1
Evoke: Wand              |       |       |       |     9 ||     9
       Phial of floods   |       |       |       |     1 ||     1
  Use: Scroll            |     7 |     2 |     2 |    15 ||    26
       Potion            |     2 |     3 |     9 |     6 ||    20
 Stab: Distracted        |       |       |       |     7 ||     7
       Invisible         |       |       |       |     1 ||     1
  Eat: Chunk             |     2 |     2 |     3 |    13 ||    20
       Royal jelly       |     1 |       |       |       ||     1
       Meat ration       |       |     1 |     2 |     3 ||     6
       Beef jerky        |       |       |       |     4 ||     4
       Fruit             |       |       |       |     2 ||     2
Armor: Scale mail        |    62 |    62 |       |       ||   124
       Chain mail        |       |    25 |    84 |       ||   109
       Leather armour    |       |       |    57 |    21 ||    78
       Troll leather arm |       |       |       |     4 ||     4
       Plate armour      |       |       |       |   288 ||   288
Dodge: Dodged            |    37 |    62 |    76 |   161 ||   336
Block: Shield            |   116 |   102 |   154 |   356 ||   728
